 Dungeon Crawl Stone Soup version 0.24-a0-201-gf205589 (webtiles) character file.

Game seed: 3049550480335653723

68 Hasart the Firebug (level 4, 0/24 HPs)
             Began as a Deep Elf Fire Elementalist on Mar 26, 2019.
             Succumbed to an orc priest's poison
             ... on level 2 of the Dungeon.
             The game lasted 00:06:17 (1145 turns).

Hasart the Firebug (Deep Elf Fire Elementalist)     Turns: 1145, Time: 00:06:18

Health: 0/24       AC:  2    Str:  5    XL:     4   Next: 1%
Magic:  3/11       EV: 13    Int: 21    God:
Gold:   48         SH:  0    Dex: 15    Spells: 9/10 levels left

rFire    . . .     SeeInvis .   e - +2 short sword (speed)
rCold    . . .     Gourm    .   (no shield)
rNeg     . . .     Faith    .   a - +0 robe
rPois    .         Spirit   .   (no helmet)
rElec    .         Reflect  .   (no cloak)
rCorr    .         Harm     .   (no gloves)
MR       .....                  (no boots)
Stlth    ++........             (no amulet)
HPRegen  0.08/turn              (no ring)
MPRegen  0.12/turn              (no ring)

@: lethally poisoned (0 -> -14), berserk cooldown, slowed, very slow
A: no striking features
a: no special abilities


You were on level 2 of the Dungeon.
You were hungry.

You visited 1 branch of the dungeon, and saw 2 of its levels.

You collected 48 gold pieces.

Inventory:

Hand Weapons
 e - a +2 short sword of speed (weapon)
Armour
 a - a +0 robe (worn)
Scrolls
 f - a scroll of noise {unknown}
 g - a scroll of teleportation {unknown}
 h - a scroll of identify {unknown}
 j - a scroll of immolation {unknown}
 k - a scroll of remove curse {unknown}
Potions
 i - 2 potions of degeneration {unknown}
Comestibles
 c - 5 rations
 d - a chunk of flesh


   Skills:
 + Level 3.1 Dodging
 - Level 2.4 Stealth
 + Level 3.7 Spellcasting
 * Level 2.4 Conjurations
 * Level 4.1 Fire Magic


You had 9 spell levels left.
You knew the following spells:

 Your Spells              Type           Power        Failure   Level  Hunger
a - Flame Tongue          Conj/Fire      ###..        3%          1    None

Your spell library contained the following spells:

 Spells                   Type           Power        Failure   Level  Hunger
 Throw Flame              Conj/Fire      ###...       4%          2    ##.....
 Conjure Flame            Conj/Fire      ###.....     10%         3    ###....
 Inner Flame              Hex/Fire       ##......     16%         3    ###....
 Sticky Flame             Conj/Fire      ###.....     32%         4    ####...
 Fireball                 Conj/Fire      ###.......   65%         5    ######.


Dungeon Overview and Level Annotations

Branches:
Dungeon (2/15)

Altars:


Message History

You feel sick.
It was a potion of berserk rage.
A red film seems to cover your vision as you go berserk!
You feel yourself moving faster!
You feel mighty!
You feel sick.
You are too berserk!
You feel a strong urge to attack something.
You feel sick.
You feel sick.
You feel your anger nearly subside.
You are no longer berserk.
You are exhausted.
You feel yourself slow down.
* * * LOW HITPOINT WARNING * * *
You feel sick.
* * * LOW HITPOINT WARNING * * *
You feel sick.
* * * LOW HITPOINT WARNING * * *
You feel sick.
* * * LOW HITPOINT WARNING * * *
You feel sick.
You die...

#......# #...##.
#......######...##.
#......'..........)
#......############
#......# . #......#
.. ##'##### ... #.#
.... #@# .....
#)#####......
#.....o......
#######...... #+###


There were no monsters in sight!

Vanquished Creatures
  An orc priest (D:2)
  An adder (D:2)
  An orc (D:2)
  6 bats
  A giant cockroach (D:1)
  4 goblins (D:1)
  3 hobgoblins
  5 kobolds (D:1)
  4 frilled lizards
  5 rats
31 creatures vanquished.

Notes
Turn   | Place    | Note
-------+----------+-------------------------------------------
     0 | D:1      | Hasart the Deep Elf Fire Elementalist began the quest for
                  | the Orb.
     0 | D:1      | Reached XP level 1. HP: 10/10 MP: 6/6
   217 | D:1      | Reached XP level 2. HP: 15/15 MP: 5/8
   951 | D:2      | Reached XP level 3. HP: 16/19 MP: 2/9
  1137 | D:2      | Reached skill level 4 in Fire Magic
  1137 | D:2      | Reached XP level 4. HP: 11/24 MP: 2/11
  1144 | D:2      | HP: 1/24 [poisoned by an orc priest]
  1145 | D:2      | Succumbed to an orc priest's poison

Levels and vault maps discovered:
D:1:      ncdulo_lavacross, layout_basic
D:2:      layout_basic, old_standard_altar, bloody_trog, nrook_campfire,
          uniq_jessica

Skill      XL: |  1  2  3 |
---------------+----------+-----
Conjurations   | 2 |  2.4
Dodging        | 3 |  3.1
Fire Magic     | 4 |  4.1
Stealth        | |  2.4
Spellcasting   | |  3.7

Action                   |  1- 3 |  4- 6 || total
-------------------------+-------+-------++-------
Melee: Short sword       |     4 |       ||     4
 Cast: Flame Tongue      |    50 |     1 ||    51
  Use: Potion            |       |     1 ||     1
Armor: Robe              |     6 |       ||     6
Dodge: Dodged            |    19 |       ||    19

Table legend:
 A = Non-vault XP
 B = Vault XP
 C = Vault XP percentage of total XP
 D = Non-vault monster count
 E = Vault monster count
 F = Vault count percentage of total count
                 A         B        C        D         E       F
            +---------+---------+-------+---------+---------+-------
      Total |      98 |       0 |   0.0 |      31 |       0 |   0.0
            +---------+---------+-------+---------+---------+-------
        D:1 |      32 |       0 |   0.0 |      22 |       0 |   0.0
        D:2 |      66 |       0 |   0.0 |       9 |       0 |   0.0
            +---------+---------+-------+---------+---------+-------
